AoeStats
← Gesius

African Clearing

510845443Analyzed
4v4 RM · 21h ago on Oct 2, 2026· 38m 53s· 8 players
Game mode
Random Map
Map size
Large (8 player)
Population
200
Speed
Normal
Resources
Standard
Victory
Conquest
Starting age
Dark Age
Ending age
Imperial Age
RankedLock teamsTeams togetherTeam positionsShared explorationLock speedFull tech treeHidden civsTurbo modeCheats
Victory
Defeat
🇺🇸 Huns · United States
1462
+13
🇹🇷 Franks · Türkiye
1461
+13
🇹🇷 Italians · Türkiye
1417
+15
🇫🇷 Berbers · France
1327
+20
🇨🇦 Persians · Canada
1459
-18
🇨🇦 Koreans · Canada
1407
-16
🇺🇸 Mongols · United States
1401
-15
🇺🇸 Spanish · United States
1332
-12
Im2Good4YoMoma
8:15 Loom
13:51 Feudal Age
15:25 Double-Bit Axe
17:33 Wheelbarrow
29:18 Castle Age
31:19 Bow Saw
37:33 Gold Mining
38:01 Bloodlines
37:51 Husbandry
GOAT Gobz
3:51 Loom
14:04 Feudal Age
18:08 Castle Age
16:28 Double-Bit Axe
18:38 Town Watch
19:30 Wheelbarrow
21:33 Bow Saw
22:40 Fletching
23:40 Scale Mail Armor
26:08 Arson
35:24 Town Watch
38:24 Ballistics
Eat_Rice
9:34 Loom
13:51 Feudal Age
17:39 Castle Age
15:44 Double-Bit Axe
16:37 Gold Mining
17:26 Fletching
18:24 Bodkin Arrow
18:45 Bow Saw
19:58 Ballistics
25:00 Wheelbarrow
25:18 Horse Collar
26:55 Husbandry
27:40 Bloodlines
33:12 Gold Shaft Mining
36:46 Imperial Age
37:13 Hand Cart
37:36 Bracer
I KHAN DO IT
6:12 Loom
14:18 Feudal Age
17:47 Castle Age
21:12 Fletching
22:19 Bodkin Arrow
36:31 Padded Archer Armor
klostrofobikköstebek
8:12 Loom
12:58 Feudal Age
17:09 Castle Age
17:14 Double-Bit Axe
17:10 Horse Collar
21:27 Wheelbarrow
25:13 Padded Archer Armor
25:04 Fletching
26:35 Heavy Plow
27:06 Leather Archer Armor
27:39 Bodkin Arrow
29:42 Ballistics
30:20 Hand Cart
33:43 Imperial Age
32:56 Bow Saw
32:49 Gold Mining
33:56 Stone Mining
35:30 Chemistry
36:49 Two-Man Saw
36:21 Crop Rotation
36:28 Stone Shaft Mining
37:07 Ring Archer Armor
37:18 Elite Genoese Crossbowman
38:19 Conscription
38:43 Bracer
38:55 Thumb Ring
waLLefps.
9:14 Loom
13:42 Feudal Age
15:42 Double-Bit Axe
18:20 Castle Age
18:27 Forging
18:17 Scale Mail Armor
19:14 Bow Saw
25:39 Town Watch
26:30 Wheelbarrow
27:16 Fletching
28:56 Hand Cart
29:33 Bodkin Arrow
30:28 Gold Mining
34:50 Imperial Age
32:17 Stone Mining
33:13 Gold Shaft Mining
33:42 Scale Barding Armor
34:13 Iron Casting
34:19 Husbandry
35:30 Coinage
34:59 Cavalier
36:00 Chain Barding Armor
36:04 Conscription
35:54 Chivalry
36:48 Paladin
38:42 Plate Barding Armor
39:35 Blast Furnace
Gesius
9:50 Loom
13:20 Feudal Age
17:10 Castle Age
15:04 Double-Bit Axe
16:15 Fletching
16:58 Horse Collar
20:11 Bodkin Arrow
23:01 Padded Archer Armor
23:06 Husbandry
24:21 Ballistics
25:00 Bloodlines
34:49 Bow Saw
37:06 Scale Barding Armor
Dango
11:26 Loom
13:21 Feudal Age
14:33 Double-Bit Axe
15:09 Stone Mining
17:22 Castle Age
15:37 Town Watch
16:17 Fletching
19:37 Bodkin Arrow
29:41 Horse Collar
32:22 Ballistics
34:32 Wheelbarrow
34:22 Bow Saw
35:06 Heavy Plow
36:44 Husbandry
36:58 Bloodlines
37:58 Gold Mining
Connection lost

Rejoining the realm…

Still unreachable

The connection could not be restored.

Session expired

The server has moved on; the page needs a fresh start.